 Dungeon Crawl Stone Soup version 0.29-a0-338-g1ff7896281 (webtiles) character file.

Game seed: 589525504114024198

173 greenreed the Quickloader (level 5, -3/43 HPs)
             Began as a Gnoll Hunter on Apr 17, 2022.
             Was a Believer of Ru.
             Slain by a bullfrog (4 damage)
             ... on level 7 of the Dungeon.
             The game lasted 00:03:51 (1022 turns).

greenreed the Quickloader (Gnoll Hunter)            Turns: 1022, Time: 00:03:51

Health: -3/43      AC:  6    Str: 12    XL:     5   Next: 53%
Magic:  7/7        EV: 13    Int:  9    God:    Ru [**....]
Gold:   55         SH:  0    Dex: 15    Spells: 7/7 levels left

rFire   . . .      SeeInvis .   a - +1 hand crossbow
rCold   . . .      Faith    .   (no shield)
rNeg    . . .      Spirit   .   b - +0 leather armour
rPois   .          Reflect  .   h - +2 helmet
rElec   .          Harm     .   (no cloak)
rCorr   .          Rampage  .   (no gloves)
Will    .....                   (no boots)
Stlth   ++........              (no amulet)
HPRegen 0.14/turn               (no ring)
MPRegen 0.10/turn               (no ring)

@: lethally poisoned (-3 -> -6)
A: fangs 1, hated by all, strong nose, distributed training
a: Renounce Religion


You were on level 7 of the Dungeon.
You worshipped Ru.
Ru was pleased with you.
You visited 1 branch of the dungeon, and saw 7 of its levels.

You collected 55 gold pieces.

Inventory:

Hand Weapons
 a - a +1 hand crossbow (weapon)
Armour
 b - a +0 leather armour (worn)
 h - a +2 helmet (worn)
Jewellery
 i - a ring of ice
Wands
 n - a wand of flame (11)
 p - a wand of acid (4)
Scrolls
 c - 2 scrolls of immolation
 j - a scroll of magic mapping {unknown}
 k - 2 scrolls of identify {unknown}
 l - a scroll of noise {unknown}
 o - a scroll of torment {unknown}
Potions
 d - a potion of brilliance {unknown}
 e - a potion of mutation {unknown}
 f - a potion of lignification {unknown}
 g - a potion of might {unknown}
 m - a potion of heal wounds {unknown}


   Skills:
 + Level 4.8 Fighting
 + Level 1.5 Short Blades
 + Level 1.5 Long Blades
 + Level 1.5 Axes
 + Level 1.5 Maces & Flails
 + Level 1.5 Polearms
 + Level 1.5 Staves
 + Level 1.5 Slings
 + Level 1.5 Bows
 + Level 8.6 Crossbows
 + Level 1.5 Throwing
 + Level 1.5 Armour
 + Level 4.8 Dodging
 + Level 2.8 Stealth
 + Level 1.5 Shields
 + Level 1.5 Unarmed Combat
 + Level 1.5 Spellcasting
 + Level 1.2 Conjurations
 + Level 1.2 Hexes
   Level 0.0 Summonings
 + Level 1.2 Necromancy
 + Level 1.2 Translocations
 + Level 1.2 Transmutations
 + Level 1.2 Fire Magic
 + Level 1.2 Ice Magic
 + Level 1.2 Air Magic
 + Level 1.2 Earth Magic
 + Level 1.2 Poison Magic
 + Level 1.7 Invocations
 + Level 1.5 Evocations


You had 7 spell levels left.
You didn't know any spells.
Your spell library contained the following spells:

 Spells                   Type           Power      Damage    Failure   Level
 Gell's Gravitas          Tloc           2%         N/A       63%         3
 Lesser Beckoning         Tloc           2%         N/A       63%         3
 Teleport Other           Tloc           2%         N/A       63%         3


Dungeon Overview and Level Annotations

Branches:
Dungeon (7/15)
 Temple: D:4-7

Altars:
Ru


Innate Abilities, Weirdness & Mutations

You have very sharp teeth.
You are hated by all.
Your uncanny sense of smell can sniff out nearby items.
Your experience applies equally to all skills.


Message History

The orc wizard flickers and vanishes!
Deactivating autopickup; reactivate with Ctrl-A.
The orc priest begins to pray, but is stunned by your conviction!
The iguana hisses angrily.
A puff of flame appears from out of thin air!
The puff of flame hits you!
A water moccasin comes into view.
The water moccasin hisses angrily.
The water moccasin bites you.
A bullfrog comes into view.
The water moccasin bites you.
Found a tubular wooden ring.
The water moccasin closely misses you.
The water moccasin attacks as you move away!
The water moccasin bites you but does no damage.
The water moccasin bites you.
You are poisoned.
The water moccasin poisons you! The bullfrog attacks as you move away!
The bullfrog hits you but does no damage.
You feel very sick.
Unknown command.
You feel very sick. The water moccasin closely misses you.
The bullfrog hits you.
* * * LOW HITPOINT WARNING * * *
The orc priest looks satisfied for a moment.
The water moccasin is stunned by your conviction and fails to attack.
The bullfrog attacks as you move away!
The bullfrog is stunned by your conviction and fails to attack.
* * * LOW HITPOINT WARNING * * *
You feel sick.
* * * LOW HITPOINT WARNING * * *
You feel sick.
The bullfrog hits you but does no damage.
* * * LOW HITPOINT WARNING * * *
You feel sick. The bullfrog attacks as you move away!
The bullfrog hits you but does no damage.
* * * LOW HITPOINT WARNING * * *
You feel sick. The bullfrog hits you.
You die...

# ..#...#..............##.
#. ..#..#.................
..#.#.................##.
#.....#So#.............##.
#...#.#.#..##....########.
#.....#........## #.
#....#S##...##.# #.
##.....F.##....# #.
##....#@..##.. ##
####...#...# ###.. ....#
#### ####


You could see a water moccasin and a bullfrog.

Vanquished Creatures
  A bullfrog (D:6)
  A jelly (D:6)
  An iguana (D:4)
  2 adders (D:2)
  An ufetubus (D:4)
  A worm (D:2)
  3 dart slugs
  A bat (D:2)
  An endoplasm (D:2)
  2 jackals (D:2)
  4 quokkas
  2 frilled lizards
  A goblin (D:3)
  A kobold (D:4)
  2 rats
24 creatures vanquished.

Notes
Turn   | Place    | Note
-------+----------+-------------------------------------------
     0 | D:1      | greenreed the Gnoll Hunter began the quest for the Orb.
     0 | D:1      | Reached XP level 1. HP: 20/20 MP: 1/1
    84 | D:1      | Found a faded altar of an unknown god.
    93 | D:1      | Prayed at the altar of an unknown god.
    93 | D:1      | Became a worshipper of Ru the Awakened
   110 | D:1      | Gained mutation: You are hated by all. [Ru sacrifice]
   110 | D:1      | Reached * piety under Ru
   110 | D:1      | Reached ** piety under Ru
   197 | D:2      | Reached XP level 2. HP: 14/26 MP: 2/2
   539 | D:2      | Reached XP level 3. HP: 31/31 MP: 3/3
   774 | D:3      | Reached skill level 1 in Invocations
   809 | D:4      | Reached skill level 1 in Short Blades
   809 | D:4      | Reached skill level 1 in Long Blades
   809 | D:4      | Reached skill level 1 in Axes
   809 | D:4      | Reached skill level 1 in Maces & Flails
   809 | D:4      | Reached skill level 1 in Polearms
   809 | D:4      | Reached skill level 1 in Staves
   809 | D:4      | Reached skill level 1 in Slings
   809 | D:4      | Reached skill level 1 in Bows
   809 | D:4      | Reached skill level 1 in Throwing
   809 | D:4      | Reached skill level 1 in Armour
   809 | D:4      | Reached skill level 1 in Shields
   809 | D:4      | Reached skill level 1 in Unarmed Combat
   809 | D:4      | Reached skill level 1 in Spellcasting
   809 | D:4      | Reached skill level 1 in Evocations
   809 | D:4      | Reached XP level 4. HP: 33/38 MP: 5/5
   870 | D:4      | Noticed a scorpion
   872 | D:4      | You fall into a shaft and drop 1 floor!
   872 | D:5      | Entered Level 5 of the Dungeon
   886 | D:6      | Reached skill level 1 in Conjurations
   886 | D:6      | Reached skill level 1 in Hexes
   886 | D:6      | Reached skill level 1 in Necromancy
   886 | D:6      | Reached skill level 1 in Translocations
   886 | D:6      | Reached skill level 1 in Transmutations
   886 | D:6      | Reached skill level 1 in Fire Magic
   886 | D:6      | Reached skill level 1 in Ice Magic
   886 | D:6      | Reached skill level 1 in Air Magic
   886 | D:6      | Reached skill level 1 in Earth Magic
   886 | D:6      | Reached skill level 1 in Poison Magic
   891 | D:6      | Noticed a bullfrog
   896 | D:6      | Killed a bullfrog
   897 | D:6      | Reached XP level 5. HP: 40/43 MP: 5/7
  1005 | D:7      | Noticed a water moccasin
  1021 | D:7      | HP: 2/43 [poisoned by a water moccasin]
  1022 | D:7      | Slain by a bullfrog

Illustrated notes

Levels and vault maps discovered:
D:1:      wander_arrival_chamber, layout_basic,
          hellmonk_ecumenical_altar_run_dry
D:2:      layout_loops_ring
D:3:      layout_basic, nicolae_ashenzari_skybound, serial_bayou_pond_c,
          corexii_corridor_pit
D:4:      layout_rooms
D:5:      layout_basic
D:6:      layout_rooms, minitemple, lightli_temple_of_fire, uniq_maggie
D:7:      layout_rooms, minmay_temple_entry_poolview,
          hangedman_decor_peaks_small

Skill      XL: |  1  2  3  4 |
---------------+-------------+-----
Invocations    | 1 |  1.7
Short Blades   | 1 |  1.5
Long Blades    | 1 |  1.5
Axes           | 1 |  1.5
Maces & Flails | 1 |  1.5
Polearms       | 1 |  1.5
Staves         | 1 |  1.5
Slings         | 1 |  1.5
Bows           | 1 |  1.5
Throwing       | 1 |  1.5
Armour         | 1 |  1.5
Shields        | 1 |  1.5
Unarmed Combat | 1 |  1.5
Spellcasting   | 1 |  1.5
Evocations     | 1 |  1.5
Conjurations   | 1 |  1.2
Hexes          | 1 |  1.2
Necromancy     | 1 |  1.2
Translocations | 1 |  1.2
Transmutations | 1 |  1.2
Fire Magic     | 1 |  1.2
Ice Magic      | 1 |  1.2
Air Magic      | 1 |  1.2
Earth Magic    | 1 |  1.2
Poison Magic   | 1 |  1.2
Fighting       | |  4.8
Crossbows      | |  8.6
Dodging        | |  4.8
Stealth        | |  2.8

Action                   |  1- 3 |  4- 6 || total
-------------------------+-------+-------++-------
 Fire: Hand crossbow     |    57 |    12 ||    69
Invok: Sacrifice Love    |     1 |       ||     1
Evoke: Wand              |     5 |       ||     5
Armor: Leather armour    |     4 |     4 ||     8
Dodge: Dodged            |    12 |     6 ||    18

Table legend: (Time is in decaauts)
 A = Elapsed time spent in this place.
 B = Non-inter-level travel time spent in this place.
 C = Inter-level travel time spent in this place.
 D = Time resting spent in this place.
 E = Time spent auto-exploring this place.
 F = Levels seen in this place.
 G = Mean time per level.
                   A        B        C        D        E       F      G
               +--------+--------+--------+--------+--------+-----+--------+
         Total |   1029 |    989 |     40 |      0 |    734 |   7 |  147.0 |
       Dungeon |   1029 |    989 |     40 |      0 |    734 |   7 |  147.0 |
               +--------+--------+--------+--------+--------+-----+--------+

Top non-repeatable levels by time:
     D:2: 596 daAuts
     D:1: 124 daAuts
     D:4: 95 daAuts
     D:7: 73 daAuts
     D:6: 65 daAuts
     D:3: 63 daAuts
     D:5: 10 daAuts
